 Dungeon Crawl Stone Soup version 0.26-a0-611-g354ed81 (webtiles) character file.

Game seed: 12457982599041440788

1777 B1Gdaddy5 the Cutter (level 9, -3/63 HPs)
             Began as a Human Brigand on Sept 6, 2020.
             Was an Initiate of Makhleb.
             Slain by an orc warrior
             ... wielding a +0 glaive
              (9 damage)
             ... on level 6 of the Dungeon.
             The game lasted 00:53:51 (7667 turns).

B1Gdaddy5 the Cutter (Human Brigand)                Turns: 7667, Time: 00:53:52

Health: -3/63      AC:  8    Str: 17    XL:     9   Next: 29%
Magic:  9/9        EV: 15    Int: 11    God:    Makhleb [......]
Gold:   397        SH:  0    Dex: 19    Spells: 8/8 levels left

rFire    x . .     SeeInvis .   a - +2 dagger (venom)
rCold    + . .     Faith    .   (no shield)
rNeg     . . .     Spirit   .   x - +1 leather armour {MR+}
rPois    .         Reflect  .   (no helmet)
rElec    .         Harm     .   c - +0 cloak
rCorr    .                      (no gloves)
MR       +....                  r - +2 pair of boots
Stlth    ++++......             (no amulet)
HPRegen  0.20/turn              t - ring of ice
MPRegen  0.11/turn              m - +6 ring of strength

@: no status effects
A: no striking features
a: Renounce Religion


You were on level 6 of the Dungeon.
You worshipped Makhleb.
Makhleb was noncommittal.
You visited 2 branches of the dungeon, and saw 7 of its levels.

You collected 397 gold pieces.

Inventory:

Hand Weapons
 a - a +2 dagger of venom (weapon)
 s - a +1 rapier of flaming
Missiles
 d - 26 poisoned darts (quivered)
 e - 2 curare-tipped darts
Armour
 c - a +0 cloak (worn)
 r - a +2 pair of boots (worn)
 x - a +1 leather armour of magic resistance (worn)
 y - a +1 robe of cold resistance
 E - a +1 leather armour of fire resistance
Jewellery
 f - an uncursed ring of see invisible
 m - a +6 ring of strength (right hand)
 t - a ring of ice (left hand)
 v - an uncursed ring of magical power
Wands
 w - a wand of paralysis (6)
 D - a wand of polymorph (7)
 G - a wand of acid (9)
Scrolls
 b - 2 scrolls of amnesia
 h - a scroll of fog {unknown}
 j - 4 scrolls of teleportation
 l - 3 scrolls of identify
 o - 5 scrolls of enchant armour {unknown}
 q - 2 scrolls of remove curse
 F - 2 scrolls of immolation
Potions
 g - a potion of magic
 n - a potion of lignification
 p - a potion of cancellation
 u - a potion of resistance
 z - a potion of curing
 A - a potion of might {unknown}
 B - a potion of brilliance {unknown}
 C - a potion of flight {unknown}


   Skills:
 - Level 3.1 Fighting
 * Level 7.2 Short Blades
 - Level 2.2 Throwing
 + Level 4.2 Armour
 + Level 5.0 Dodging
 * Level 7.0 Stealth


You had 8 spell levels left.
You didn't know any spells.
Your spell library contained the following spells:

 Spells                   Type           Power        Failure   Level
 Animate Skeleton         Necr           #.....       38%         1
 Magic Dart               Conj           #...         38%         1
 Pain                     Necr           #...         38%         1
 Ensorcelled Hibernation  Hex/Ice        #.....       54%         2
 Searing Ray              Conj           #.....       54%         2
 Dazzling Flash           Conj/Hex       #.....       77%         3
 Vampiric Draining        Necr           #.........   77%         3
 Animate Dead             Necr           #.........   99%         4
 Fulminant Prism          Conj/Hex       #.........   99%         4
 Iskenderun's Mystic Bla  Conj/Tloc      #.......     99%         4
 Agony                    Necr           #.......     100%        5
 Borgnjor's Vile Clutch   Necr/Erth      #.........   100%        5
 Silence                  Hex/Air        #.........   100%        5
 Shadow Creatures         Summ           N/A          100%        6


Dungeon Overview and Level Annotations

Branches:
Dungeon (6/15)             Temple (1/1) D:6

Altars:
Cheibriados
Dithmenos
Elyvilon
Fedhas
Gozag
Kikubaaqudgha
Makhleb
Nemelex Xobeh
Okawaru
Qazlal
Ru
Sif Muna
Trog
Uskayaw
Vehumet
Wu Jian
Xom
Zin
The Shining One


Message History

The orc misses you. The orc warrior closely misses you.
Your +1 rapier of flaming stops flaming.
Your +2 dagger of venom begins to drip with poison!
a - a +2 dagger of venom (weapon)
The orc closely misses you.
You hit the orc warrior but do no damage.
The orc warrior is poisoned.
The orc warrior is heavily wounded.
You hit the orc warrior but do no damage.
The orc warrior looks as sick as possible!
The orc warrior is heavily wounded.
The orc warrior barely misses you. The orc misses you.
You hit the orc warrior but do no damage.
The orc warrior looks as sick as possible!
The orc warrior is heavily wounded.
You hit the orc warrior.
The orc warrior looks as sick as possible!
The orc warrior is severely wounded.
The orc warrior hits you with a +0 glaive!
You die...

#.......##....###.......#.
##.....#..##..# #......###
#......##....####..#....###
#.......)......##.###....##
....#.....#........#
#...... . ##...###†......#
##.[####
#...###......#.##...# #
#....##o.!.####.....#### #.
#....(#@.### ##.........
#..##..#..o.## ##....####..
#........(######.....# ##.
#..####..............## ##.
#..# #..#.....###....###..
#.. #..###..### #......)..
... #..## ##.#####.........
#.. .... #.........#####. #
..... #......#..# ##


You could see an orc warrior (extremely poisoned) and an orc.

Vanquished Creatures
  Duvessa (D:6)
  2 ice beasts (D:5)
  A sky beast (D:3)
  A necrophage (D:5)
  3 ogres
  A scorpion (D:6)
  Dowan (D:6)
  A bullfrog zombie (D:6)
  3 orc priests
  A jelly (D:5)
  6 hounds
  A centaur skeleton (D:6)
  2 iguanas
  Ijyb (D:3)
  3 worker ants (D:4)
  7 orc wizards
  A hound zombie (D:6)
  Robin (D:2)
  A worker ant zombie (D:5)
  5 adders
  5 white imps (D:6)
  2 ufetubi (D:5)
  An ooze (D:1)
  5 worms
  4 dart slugs
  2 leopard geckos
  20 orcs
  6 giant cockroaches
  20 goblins
  8 hobgoblins
  10 jackals
  6 kobolds
  A ball python (D:1)
  8 bats
  A frilled lizard (D:4)
  2 jackal skeletons
  9 rats
153 creatures vanquished.

Notes
Turn   | Place    | Note
-------+----------+-------------------------------------------
     0 | D:1      | B1Gdaddy5 the Human Brigand began the quest for the Orb.
     0 | D:1      | Reached XP level 1. HP: 16/16 MP: 1/1
   139 | D:1      | Reached XP level 2. HP: 6/22 MP: 2/2
   659 | D:1      | Reached XP level 3. HP: 12/27 MP: 3/3
  1273 | D:2      | Reached XP level 4. HP: 31/33 MP: 4/4
  1526 | D:2      | Noticed Robin
  1567 | D:2      | Killed Robin
  1580 | D:2      | Reached skill level 5 in Stealth
  1881 | D:2      | Found a sacrificial altar of Ru.
  2143 | D:2      | Reached XP level 5. HP: 32/39 MP: 5/5
  2337 | D:3      | Noticed Ijyb
  2353 | D:3      | Paralysed by Ijyb for 5 turns
  2367 | D:3      | Killed Ijyb
  2367 | D:3      | Reached skill level 1 in Armour
  2733 | D:3      | Noticed a sky beast
  2753 | D:3      | Killed a sky beast
  2753 | D:3      | Reached XP level 6. HP: 37/46 MP: 6/6
  3213 | D:3      | Found an ornate altar of the Wu Jian Council.
  3213 | D:3      | Found a stormy altar of Qazlal.
  3661 | D:4      | Reached XP level 7. HP: 17/52 MP: 7/7
  4455 | D:4      | Found a snail-covered altar of Cheibriados.
  4857 | D:5      | Entered Level 5 of the Dungeon
  4903 | D:5      | Reached XP level 8. HP: 16/58 MP: 8/8
  5257 | D:5      | Reached skill level 5 in Short Blades
  5915 | D:5      | Found a burning altar of Makhleb.
  5943 | D:5      | Became a worshipper of Makhleb the Destroyer
  6432 | D:6      | Noticed Dowan
  6445 | D:6      | Killed Dowan
  6448 | D:6      | Noticed Duvessa
  6476 | D:6      | Killed Duvessa
  6476 | D:6      | Reached XP level 9. HP: 45/63 MP: 9/9
  6677 | D:6      | Found a staircase to the Ecumenical Temple.
  6712 | Temple   | Entered the Ecumenical Temple
  7277 | D:6      | Reached skill level 5 in Dodging
  7661 | D:6      | HP: 3/63 [orc warrior/+0 glaive (17)]
  7667 | D:6      | Slain by an orc warrior

Illustrated notes

Levels and vault maps discovered:
D:1:      minmay_arrival_hallway, layout_rooms
D:2:      layout_loops_ring, nicolae_ru_path_of_blood, minmay_tromino_v4_a,
          uniq_robin
D:3:      kennysheep_the_goblin_king, layout_rooms, minitemple
D:4:      layout_layer_cave, kennysheep_slug_shrine
D:5:      layout_rooms, lemuel_round_altar
D:6:      layout_layer_cave, minmay_temple_entry_statues_fountains, uniq_duvessa
Temple:   nicolae_temple_great_sept

Skill      XL: |  1  2  3  4  5  6  7  8  9 |
---------------+----------------------------+-----
Stealth        | 5 6 7 |  7.0
Dodging        | 2 3 4 5 |  5.0
Armour         | 2 3 4 |  4.2
Short Blades   | 3 4 6 7 |  7.2
Fighting       | 3 |  3.1
Throwing       | |  2.2

Action                   |  1- 3 |  4- 6 |  7- 9 || total
-------------------------+-------+-------+-------++-------
Melee: Dagger            |    86 |   197 |   262 ||   545
       Rapier            |       |       |    49 ||    49
Throw: Dart              |     1 |    16 |    15 ||    32
  Use: Scroll            |     1 |    10 |     3 ||    14
       Potion            |       |     1 |    10 ||    11
 Stab: Sleeping          |     2 |     5 |     3 ||    10
Armor: Robe              |    18 |       |       ||    18
       Leather armour    |    10 |    83 |    84 ||   177
Dodge: Dodged            |    42 |   142 |   206 ||   390

Table legend: (Time is in decaauts)
 A = Elapsed time spent in this place.
 B = Non-inter-level travel time spent in this place.
 C = Inter-level travel time spent in this place.
 D = Time resting spent in this place.
 E = Time spent auto-exploring this place.
 F = Levels seen in this place.
 G = Mean time per level.
                   A        B        C        D        E       F      G
               +--------+--------+--------+--------+--------+-----+--------+
         Total |   7554 |   7368 |    186 |   1851 |   3133 |   7 | 1079.1 |
       Dungeon |   7455 |   7269 |    186 |   1851 |   3061 |   6 | 1242.5 |
        Temple |     98 |     98 |      0 |      0 |     72 |   1 |   98.0 |
               +--------+--------+--------+--------+--------+-----+--------+

Top non-repeatable levels by time:
     D:4: 1524 daAuts
     D:5: 1389 daAuts
     D:6: 1258 daAuts
     D:2: 1229 daAuts
     D:1: 1079 daAuts
     D:3: 975 daAuts
  Temple: 98 daAuts
